 Dungeon Crawl Stone Soup version 0.24-a0-525-g9231cdcba1 (webtiles) character file.

Game seed: 15753162300755025182

15133 Execuda the Bludgeoner (level 11, 0/107 HPs)
             Began as a Minotaur Chaos Knight on Aug 2, 2019.
             Was a Plaything of Xom.
             Slain by a freezing wraith (9 damage)
             ... in an ice cave.
             The game lasted 00:19:57 (16172 turns).

Execuda the Bludgeoner (Minotaur Chaos Knight)     Turns: 16172, Time: 00:19:57

Health: 0/107      AC: 19    Str: 17      XL:     11   Next: 97%
Magic:  10/10      EV: 11    Int:  9      God:    Xom [....*.]
Gold:   795        SH:  9    Dex: 12 (13) Spells: 10/10 levels left

rFire    + . .     SeeInvis .   a - +1 mace (chaos)
rCold    . . .     Gourm    .   x - +0 shield {AC+3}
rNeg     + . .     Faith    .   b - +6 scale mail "Pegreghe" {rN+ Slay+3}
rPois    .         Spirit   .   (helmet restricted)
rElec    .         Reflect  .   n - scarf {cloud immunity}
rCorr    .         Harm     .   H - +0 pair of gloves
MR       .....                  (no boots)
Stlth    ..........             Q - amulet of the acrobat
HPRegen  0.27/turn              O - +2 ring of protection
MPRegen  0.12/turn              I - ring of protection from fire

@: slowed, very slow
A: retaliatory headbutt, horns 2, iridescent scales 1, deformed body,
deterioration 1, mutation resistance 1, sturdy frame 1
a: Renounce Religion


You were in an ice cave.
You worshipped Xom.
You were a beloved toy of Xom.
You were hungry.

You visited 1 branch of the dungeon, and saw 12 of its levels.
You also visited: Sewer and Ice Cave.

You collected 795 gold pieces.

Inventory:

Hand Weapons
 a - a +1 mace of chaos (weapon)
Missiles
 t - 2 throwing nets (quivered)
Armour
 b - the +6 scale mail "Pegreghe" (worn) {rN+ Slay+3}
   (You found it on level 9 of the Dungeon)

   It affects your accuracy and damage with ranged weapons and melee attacks
   (+3).
   It protects you from negative energy.
 n - a scarf of cloud immunity (worn)
 x - a +0 shield of protection (worn)
 H - a +0 pair of gloves (worn)
 M - a scarf of spirit shield
Jewellery
 I - a ring of protection from fire (right hand)
 O - a +2 ring of protection (left hand)
 Q - an amulet of the acrobat (around neck)
Wands
 u - a wand of flame (45)
 C - a wand of enslavement (8)
 E - a wand of random effects (23)
 J - a wand of acid (4)
 L - a wand of clouds (4)
Scrolls
 h - 4 scrolls of fear
 i - 2 scrolls of remove curse
 q - 4 scrolls of immolation
 r - 5 scrolls of fog
 s - 3 scrolls of enchant weapon
 v - 4 scrolls of teleportation
 w - a scroll of blinking
 y - a scroll of magic mapping {unknown}
 A - 4 scrolls of identify
 B - a scroll of random uselessness {unknown}
 F - a scroll of enchant armour {unknown}
 G - a scroll of amnesia {unknown}
Potions
 d - a potion of cancellation {unknown}
 e - a potion of invisibility
 g - 2 potions of might
 j - a potion of agility
 k - 3 potions of brilliance
 l - a potion of resistance
 m - 11 potions of curing
 o - a potion of mutation
 p - 2 potions of haste
 z - 5 potions of magic {unknown}
 D - a potion of lignification
 K - a potion of experience {unknown}
 N - a potion of flight {unknown}
 P - a potion of berserk rage {unknown}
Miscellaneous
 f - a lightning rod (4/4)
Comestibles
 c - 41 rations


   Skills:
 * Level 13.2 Fighting
 * Level 15.8 Maces & Flails
 + Level 6.7 Armour
 + Level 5.6 Dodging
 + Level 4.9 Shields


You had 10 spell levels left.
You didn't know any spells.
Your spell library contained the following spells:

 Spells                   Type           Power        Failure   Level  Hunger
 Animate Skeleton         Necr           N/A          96%         1    ##.....
 Apportation              Tloc           #.....       96%         1    ##.....
 Beastly Appendage        Tmut           #.....       96%         1    ##.....
 Confusing Touch          Hex            #.....       96%         1    ##.....
 Freeze                   Ice            #...         96%         1    ##.....
 Summon Butterflies       Summ           #.......     96%         1    ##.....
 Summon Small Mammal      Summ           #...         96%         1    ##.....
 Sticks to Snakes         Tmut           #.......     99%         2    ###....
 Throw Frost              Conj/Ice       #.....       99%         2    ###....
 Lesser Beckoning         Tloc           #.........   100%        3    ####...
 Ozocubu's Armour         Chrm/Ice       #.......     100%        3    ####...
 Spider Form              Tmut/Pois      #.........   100%        3    ####...
 Tukima's Dance           Hex            #.......     100%        3    ####...
 Ice Form                 Ice/Tmut       #.......     100%        4    #####..
 Summon Ice Beast         Ice/Summ       #.......     100%        4    #####..
 Throw Icicle             Conj/Ice       #.......     100%        4    #####..
 Alistair's Intoxication  Tmut/Pois      #.......     100%        5    ######.
 Blade Hands              Tmut           #.........   100%        5    ######.
 Invisibility             Hex            #.......     100%        6    #######
 Poison Arrow             Conj/Pois      #.........   100%        6    #######
 Chain Lightning          Conj/Air       #.........   100%        8    #######
 Lehudib's Crystal Spear  Conj/Erth      #.........   100%        8    #######
 Fire Storm               Conj/Fire      #.........   100%        9    #######
 Glaciate                 Conj/Ice       #.........   100%        9    #######


Dungeon Overview and Level Annotations

Branches:
Dungeon (12/15)            Temple (0/1) D:4            Lair (0/6) D:8
    Orc (0/2) D:9

Altars:
Cheibriados
Dithmenos
Fedhas
Gozag
Makhleb
Okawaru
Wu Jian
Xom
The Shining One

Shops:
D:4 [   D:10 [


Innate Abilities, Weirdness & Mutations

You reflexively headbutt those who attack you in melee.
You have a pair of horns on your head.
You are partially covered in iridescent scales. (AC +2)
Armour fits poorly on your strangely shaped body.
Your body sometimes deteriorates upon taking damage.
You are somewhat resistant to further mutation.
Your movements are slightly less encumbered by armour. (ER -2)


Message History

You are too injured to fight recklessly!
You are too injured to fight recklessly!
You closely miss the freezing wraith.
The freezing wraith is heavily damaged.
You block the freezing wraith's attack. The freezing wraith hits you!
The freezing wraith drains your vigour!
You feel as though you will be slow longer.
The freezing wraith hits you but does no damage.
The freezing wraith hits you.
The freezing wraith hits you but does no damage.
You block the freezing wraith's attack.
You barely miss the freezing wraith.
The freezing wraith is heavily damaged.
The freezing wraith hits you!
* * * LOW HITPOINT WARNING * * *
The freezing wraith freezes you!!
* * * LOW HITPOINT WARNING * * *
The freezing wraith hits you!
You die...
Xom giggles madly!

...# ...# W.W#
... ..## #####
..#
##...###.##
##.....##..#
#...#..@#..#
#..####WW..#
##..# ##...#
##..## ##.##
##...# ###
##....## ####
#......#
#..####.....##
....##.......#


You could see 2 freezing wraiths.

Vanquished Creatures
  An unseen horror (D:10)
  A shining eye (shapeshifter) (D:10)
  The ghost of P0WERM0DE the Chopper, a novice DDFi (D:8)
  Joseph (D:7)
  2 rime drakes (D:12)
  A yaktaur (D:12)
  A polar bear (D:12)
  A tengu conjurer (D:10)
  2 trolls
  2 hippogriffs
  2 vampires
  Sigmund (D:3)
  A water elemental (D:11)
  13 yaks
  A wyvern (D:10)
  5 hungry ghosts
  A death yak simulacrum (IceCv)
  A basilisk (D:10)
  Edmund (D:5)
  A spatial vortex (D:11)
  2 soldier ants (D:8)
  Duvessa (D:5)
  A water moccasin (D:9)
  A porcupine (D:2)
  6 ice beasts
  5 orc warriors
  An alligator simulacrum (IceCv)
  3 phantoms
  2 sky beasts
  A boggart (D:5)
  3 ogres
  6 centaurs
  16 crocodiles (D:11)
  2 big kobolds
  4 bullfrogs
  Dowan (D:5)
  6 killer bees
  A swamp dragon simulacrum (IceCv)
  9 wights (D:7)
  2 electric eels
  4 howler monkeys
  10 crimson imps
  2 centaur zombies
  Crazy Yiuf (D:3)
  A gnoll shaman (D:8)
  7 orc priests
  3 bullfrog skeletons
  2 hounds
  A jelly (D:11)
  9 orc wizards
  Jessica (D:2)
  3 centaur skeletons
  Terence (D:3)
  Natasha (thrice) (D:2)
  5 iguanas
  3 worker ants
  A wolf simulacrum (IceCv)
  3 hound zombies
  2 hound skeletons (D:6)
  A worker ant zombie (D:6)
  7 gnolls
  8 adders
  A howler monkey skeleton (D:8)
  2 river rats (Sewer)
  3 shadow imps
  4 white imps (IceCv)
  An adder zombie (D:8)
  An adder skeleton (D:9)
  4 worms
  A dart slug (D:3)
  15 leopard geckos
  46 orcs
  4 giant cockroaches
  10 goblins
  8 hobgoblins
  18 jackals
  4 quokkas
  17 ball pythons
  9 bats
  21 frilled lizards
  A giant cockroach zombie (D:4)
  18 kobolds
  2 leopard gecko skeletons (D:6)
  2 quokka skeletons
  A quokka zombie (D:9)
  32 rats
  A fungus (D:3)
417 creatures vanquished.

Vanquished Creatures (collateral kills)
  An orc (D:9)
1 creature vanquished.

Vanquished Creatures (others)
  A worker ant (D:4)
  An adder (D:4)
2 creatures vanquished.

Grand Total: 420 creatures vanquished

Notes
Turn   | Place    | Note
-------+----------+-------------------------------------------
     0 | D:1      | Execuda the Minotaur Chaos Knight began the quest for the
                  | Orb.
     0 | D:1      | Reached XP level 1. HP: 19/19 MP: 0/0
   149 | D:1      | XOM: silly message
   276 | D:1      | Reached skill level 4 in Maces & Flails
   308 | D:1      | Reached XP level 2. HP: 26/27 MP: 1/1
   446 | D:1      | XOM: divination: detect creatures
   658 | D:1      | XOM: divination: magic mapping
   757 | D:1      | XOM: harmless Erth miscast
   861 | D:1      | XOM: harmless Fire miscast
  1005 | D:2      | Reached XP level 3. HP: 33/33 MP: 2/2
  1272 | D:2      | XOM: divination: magic mapping
  1395 | D:2      | Noticed Natasha
  1399 | D:2      | Killed Natasha
  1399 | D:2      | Reached skill level 5 in Maces & Flails
  1443 | D:2      | Noticed Jessica
  1443 | D:2      | XOM: butterfly on damage
  1447 | D:2      | Killed Jessica
  1447 | D:2      | Reached XP level 4. HP: 31/41 MP: 3/3
  1535 | D:2      | Noticed Natasha
  1541 | D:2      | Killed Natasha
  1678 | D:2      | XOM: harmless Fire miscast
  1679 | D:2      | XOM: confuse monster(s)
  1711 | D:2      | Reached skill level 6 in Maces & Flails
  2001 | D:2      | Found a glowing golden altar of the Shining One.
  2033 | D:2      | Reached XP level 5. HP: 47/47 MP: 4/4
  2157 | D:2      | Noticed a porcupine
  2157 | D:2      | a goblin changed into a porcupine
  2160 | D:2      | Killed a porcupine
  2160 | D:2      | Reached skill level 5 in Fighting
  2192 | D:2      | Noticed Natasha
  2196 | D:2      | Killed Natasha
  2196 | D:2      | Reached skill level 7 in Maces & Flails
  2196 | D:2      | Reached XP level 6. HP: 36/56 MP: 5/5
  2341 | D:2      | XOM: torment (29/56 hp)
  2654 | D:3      | XOM: give mutations
  2654 | D:3      | Gained mutation: You are partially covered in iridescent
                  | scales. (AC +2) [Xom's mischief]
  2654 | D:3      | Gained mutation: Armour fits poorly on your strangely
                  | shaped body. [Xom's mischief]
  2654 | D:3      | Gained mutation: Your body sometimes deteriorates upon
                  | taking damage. [Xom's mischief]
  2654 | D:3      | Gained mutation: You are somewhat resistant to further
                  | mutation. [Xom's mischief]
  2668 | D:3      | Noticed Sigmund
  2675 | D:3      | Killed Sigmund
  2699 | D:3      | XOM: mild Hex miscast
  2715 | D:3      | Found a runed translucent door.
  2716 | D:3      | Noticed Crazy Yiuf
  2800 | D:3      | Reached skill level 8 in Maces & Flails
  2801 | D:3      | Found a glowing golden altar of the Shining One.
  2822 | D:3      | Noticed Terence
  2827 | D:3      | Killed Terence
  3014 | D:3      | XOM: divination: detect items
  3264 | D:3      | XOM: cloud trail
  3373 | D:3      | Killed Crazy Yiuf
  3373 | D:3      | Reached XP level 7. HP: 54/63 MP: 6/6
  3502 | D:4      | XOM: divine lightning
  3527 | D:4      | Found an ornate altar of the Wu Jian Council.
  3673 | D:4      | XOM: god gift: long glowing staff {god gift}
  3718 | D:4      | Found a staircase to the Ecumenical Temple.
  3726 | D:4      | Found Qemil's Antique Armour Emporium.
  3757 | D:4      | XOM: 3-stop teleportation journey
  3791 | D:4      | XOM: 6-stop teleportation journey
  3797 | D:4      | Found an opulent altar of Gozag.
  3892 | D:4      | Found a glowing drain.
  3896 | Sewer    | XOM: noise
  3896 | Sewer    | Entered a sewer
  3993 | Sewer    | XOM: scenery: create altars
  4250 | Sewer    | XOM: confuse monster(s)
  4262 | Sewer    | Reached skill level 9 in Maces & Flails
  4440 | Sewer    | XOM: god gift: 16 gold pieces
  4944 | D:5      | Entered Level 5 of the Dungeon
  5003 | D:5      | XOM: cleaving
  5012 | D:5      | XOM: enchant monster (good)
  5048 | D:5      | XOM: god gift: metal-bound book {god gift}
  5053 | D:5      | XOM: 6-stop teleportation journey
  5062 | D:5      | Noticed Ijyb
  5065 | D:5      | Noticed Ijyb
  5065 | D:5      | Ijyb changed into Ijyb the boggart
  5070 | D:5      | Killed Ijyb the boggart
  5070 | D:5      | Reached XP level 8. HP: 69/73 MP: 7/7
  5106 | D:5      | Reached skill level 10 in Maces & Flails
  5169 | D:5      | Noticed Dowan
  5170 | D:5      | Noticed Duvessa
  5176 | D:5      | XOM: summons 3 friendly demons
  5178 | D:5      | Killed Duvessa
  5182 | D:5      | Killed Dowan
  5335 | D:5      | XOM: give mutations
  5335 | D:5      | Gained mutation: You are dopey. (Int -2) [Xom's mischief]
  5335 | D:5      | Gained mutation: You have large cloven feet. [Xom's
                  | mischief]
  5388 | D:5      | Found a blossoming altar of Fedhas.
  5427 | D:5      | Noticed Edmund
  5428 | D:5      | Found a snail-covered altar of Cheibriados.
  5436 | D:5      | Killed Edmund
  5443 | D:5      | XOM: confusion
  5455 | D:5      | XOM: repel stairs
  5543 | D:5      | XOM: draining
  6071 | D:6      | Reached skill level 11 in Maces & Flails
  6302 | D:6      | XOM: medium Necr miscast
  6692 | D:6      | XOM: 1-stop teleportation journey
  6885 | D:6      | XOM: god gift: 7 rations
  6983 | D:6      | Reached XP level 9. HP: 80/82 MP: 8/8
  7029 | D:6      | Found a burning altar of Makhleb.
  7029 | D:6      | Noticed a blizzard demon
  7029 | D:6      | You fall into a shaft and drop 3 floors!
  7048 | D:9      | XOM: scenery: create altars
  7164 | D:9      | XOM: give mutation
  7164 | D:9      | Gained mutation: Your movements are slightly less
                  | encumbered by armour. (ER -2) [Xom's grace]
  7166 | D:9      | Reached skill level 12 in Maces & Flails
  7199 | D:9      | XOM: 1-stop teleportation journey
  7595 | D:9      | XOM: cloud trail
  7599 | D:9      | XOM: give mutations
  7599 | D:9      | Lost mutation: You have large cloven feet. [Xom's mischief]
  7599 | D:9      | Gained mutation: Your body often deteriorates upon taking
                  | damage. [Xom's mischief]
  7599 | D:9      | Lost mutation: Your body often deteriorates upon taking
                  | damage. [Xom's mischief]
  7599 | D:9      | Lost mutation: You are dopey. (Int -2) [Xom's mischief]
  7610 | D:9      | XOM: summons friendly iron imp
  7647 | D:9      | XOM: polymorph iron imp -> quasit
  7651 | D:9      | XOM: summons 1 friendly demon
  7653 | D:9      | Reached skill level 13 in Maces & Flails
  7656 | D:9      | XOM: enchant monster (good)
  7661 | D:9      | XOM: confuse monster(s)
  7671 | D:9      | Reached skill level 10 in Fighting
  7797 | D:9      | XOM: medium Hex miscast
  7874 | D:9      | Found a staircase to the Orcish Mines.
  7879 | D:9      | XOM: confuse monster(s)
  7889 | D:9      | XOM: confuse monster(s)
  7900 | D:9      | XOM: god gift: 50 gold pieces
  7916 | D:9      | Got a steaming scale mail
  7946 | D:9      | XOM: scenery: create altars
  8094 | D:9      | Identified the +6 scale mail "Pegreghe" {rN+ Slay+3} (You
                  | found it on level 9 of the Dungeon)
  8441 | D:9      | XOM: god gift: 6 rations
  8552 | D:8      | Found a runed translucent door.
  8564 | D:8      | Noticed P0WERM0DE's ghost (novice DDFi)
  8650 | D:8      | XOM: cloud trail
  8652 | D:8      | XOM: cast spell 'Olgreb's Toxic Radiance'
  8654 | D:8      | Killed P0WERM0DE's ghost
  8654 | D:8      | Reached XP level 10. HP: 91/94 MP: 9/9
  8691 | D:8      | Found a staircase to the Lair.
  8754 | D:8      | XOM: god gift: ruby ring {god gift}
  8756 | D:8      | Reached skill level 14 in Maces & Flails
  8856 | D:8      | XOM: scenery: 1 doors close
  8930 | D:8      | XOM: harmless Fire miscast
  9437 | D:8      | XOM: swap monsters
  9580 | D:8      | XOM: harmless Fire miscast
  9960 | D:7      | Noticed Joseph
  9987 | D:7      | XOM: potion effect (invisibility)
  9995 | D:7      | Killed Joseph
 10098 | D:7      | XOM: divination: magic mapping
 10669 | D:7      | Found a shadowy altar of Dithmenos.
 10669 | D:7      | Found an iron altar of Okawaru.
 10852 | D:6      | Noticed an orange demon
 11019 | D:10     | Entered Level 10 of the Dungeon
 11039 | D:10     | Reached skill level 1 in Shields
 11256 | D:10     | XOM: silly message
 11364 | D:10     | XOM: harmless Chrm miscast
 11795 | D:10     | XOM: harmless Tloc miscast
 11814 | D:10     | Reached skill level 5 in Armour
 11814 | D:10     | Reached XP level 11. HP: 93/104 MP: 10/10
 11825 | D:10     | XOM: mild Pois miscast
 11946 | D:10     | XOM: mild Air miscast
 12083 | D:10     | Noticed a shining eye
 12083 | D:10     | a shapeshifter changed into a shining eye
 12088 | D:10     | Killed a shining eye
 12171 | D:10     | XOM: cloud trail
 12223 | D:10     | Reached skill level 15 in Maces & Flails
 12309 | D:10     | Found Fell's Armour Shoppe.
 12453 | D:10     | Killed an unseen horror
 12775 | D:10     | XOM: silly message
 13024 | D:10     | XOM: harmless Conj miscast
 13435 | D:11     | XOM: harmless Ice miscast
 13562 | D:11     | XOM: silly message
 14131 | D:11     | XOM: scenery: create altars
 14303 | D:11     | XOM: cloud trail
 14421 | D:11     | XOM: harmless Air miscast
 14429 | D:11     | Reached skill level 5 in Dodging
 14580 | D:11     | XOM: god gift: runed shield {god gift}
 14975 | D:11     | XOM: scenery: create altars
 15148 | D:11     | XOM: cloud trail
 15164 | D:11     | XOM: cleaving
 15373 | D:11     | XOM: medium Summ miscast
 15545 | D:12     | Found a frozen archway.
 15577 | D:12     | XOM: smoke on damage
 15588 | D:12     | XOM: enchant monster (bad)
 15755 | D:12     | XOM: noise
 15803 | IceCv    | XOM: noise
 15803 | IceCv    | Entered an ice cave
 15806 | IceCv    | XOM: summons friendly crimson imp
 15810 | IceCv    | XOM: divination: detect items
 15910 | IceCv    | XOM: harmless Hex miscast
 16172 | IceCv    | Slain by a freezing wraith

Levels and vault maps discovered:
D:1:      evilmike_arrival_run_for_it, layout_basic
D:2:      minmay_angry_zag, layout_loops_corners, tso_altar, uniq_jessica,
          uniq_natasha
D:3:      layout_loops_ring, nicolae_overflow_crystal_walls,
          kennysheep_generic_room_2, uniq_sigmund, uniq_terence,
          uniq_crazy_yiuf_cottage
D:4:      layout_loops_ring, kennysheep_mini_moat, kennysheep_little_box,
          minmay_temple_entry_water_ring, gup_sewer_entry_bowl, serial_shops,
          nicolae_shop_stone, minmay_misc_feat_encased
D:5:      layout_basic, lemuel_round_altar, marbit_many_paths, first_ration,
          uniq_duvessa, uniq_ijyb, uniq_edmund
D:6:      layout_cave_pools, makhleb_altar_promises_db
D:7:      layout_loops_cross, gammafunk_temple_overflow_elements, uniq_joseph
D:8:      layout_basic, dpeg_oklobed_lair, ebering_ghost_inner_flame,
          hangedman_pestilent_swarm
D:9:      layout_loops_ring, orc_0_dummy
D:10:     layout_grid_maze, serial_shops, shop
D:11:     lemuel_reptile_caves, layout_layer_cave, minmay_hedge_maze,
          item_on_display_a
D:12:     layout_gridville, portal_ice_cave_entry_animals_and_master
IceCv:    ice_cave_small_necro

Skill      XL: |  1  2  3  4  5  6  7  8  9 10 11 |
---------------+----------------------------------+-----
Maces & Flails | 4 5 6 7 8 9 11 13 14 15 | 15.8
Fighting       | 4 5 6 7 8 10 11 13 | 13.2
Armour         | 5 6 |  6.7
Dodging        | 3 5 |  5.6
Shields        | 2 4 |  4.9

Action                   |  1- 3 |  4- 6 |  7- 9 | 10-12 || total
-------------------------+-------+-------+-------+-------++-------
Melee: Mace              |    68 |   119 |   466 |   637 ||  1290
       Headbutt          |     8 |    18 |    78 |   125 ||   229
       Kick              |       |       |    43 |       ||    43
  Use: Scroll            |       |       |    16 |       ||    16
       Potion            |       |       |     3 |     4 ||     7
 Stab: Confused          |     1 |       |     6 |     1 ||     8
       Petrified         |       |       |     5 |       ||     5
       Paralysed         |       |       |     5 |    14 ||    19
       Petrifying        |       |       |     1 |       ||     1
       Sleeping          |       |       |     1 |       ||     1
       Invisible         |       |       |       |     6 ||     6
  Eat: Chunk             |     2 |     5 |    18 |    26 ||    51
       Ration            |       |       |       |     1 ||     1
Armor: Leather armour    |    21 |    20 |   131 |       ||   172
       Scale mail        |       |       |     8 |   200 ||   208
Dodge: Dodged            |    32 |    59 |   238 |   252 ||   581
Block: Buckler           |       |       |       |    26 ||    26
       Shield            |       |       |       |    66 ||    66

Table legend:
 A = Non-vault XP
 B = Vault XP
 C = Vault XP percentage of total XP
 D = Non-vault monster count
 E = Vault monster count
 F = Vault count percentage of total count
                 A         B        C        D         E       F
            +---------+---------+-------+---------+---------+-------
      Total |   14206 |    7413 |  34.3 |     282 |     134 |  32.2
            +---------+---------+-------+---------+---------+-------
        D:1 |      34 |       5 |  12.8 |      24 |       1 |   4.0
        D:2 |     256 |     104 |  28.9 |      21 |       8 |  27.6
        D:3 |      56 |     308 |  84.6 |      22 |       7 |  24.1
        D:4 |     251 |       4 |   1.6 |      20 |       2 |   9.1
        D:5 |     279 |     524 |  65.3 |       9 |       5 |  35.7
        D:6 |     746 |       0 |   0.0 |      25 |       0 |   0.0
        D:7 |    1959 |     455 |  18.8 |      28 |       1 |   3.4
        D:8 |     996 |     880 |  46.9 |      19 |       6 |  24.0
        D:9 |    2478 |       0 |   0.0 |      36 |       0 |   0.0
       D:10 |    4739 |       0 |   0.0 |      42 |       0 |   0.0
       D:11 |    2412 |    1743 |  41.9 |      36 |      36 |  50.0
       D:12 |       0 |    2189 | 100.0 |       0 |       8 | 100.0
      Sewer |       0 |     258 | 100.0 |       0 |      48 | 100.0
      IceCv |       0 |     943 | 100.0 |       0 |      12 | 100.0
            +---------+---------+-------+---------+---------+-------
